 Dungeon Crawl Stone Soup version 0.19-a0-1511-g16f215b (webtiles) character file.

48 Leszczynek the Insei (level 3, -3/22 HPs)
             Began as a Deep Elf Monk on Sept 11, 2016.
             Slain by a hound (6 damage)
             ... on level 4 of the Dungeon.
             The game lasted 00:13:00 (2756 turns).

Leszczynek the Insei (Deep Elf Monk)                Turns: 2756, Time: 00:13:01

Health: -3/22      AC:  4    Str:  8    XL:     3   Next: 50%
Magic:  5/5        EV: 13    Int: 15    God:
Gold:   80         SH:  0    Dex: 17    Spells: 0 memorised, 2 levels left

rFire  . . .     SeeInvis +     j - +0 mace
rCold  . . .     Gourm    .     u - +0 leather armour
rNeg   . . .     Faith    .     (no shield)
rPois  .         Spirit   .     (no helmet)
rElec  .         Dismiss  .     (no cloak)
rCorr  .         Reflect  .     (no gloves)
MR     .....     Harm     .     i - +0 pair of boots
Stlth  ++........               (no amulet)
                                (no ring)
                                n - ring of see invisible

@: no status effects
A: no striking features
a: no special abilities


You were on level 4 of the Dungeon.
You were not hungry.

You visited 1 branch of the dungeon, and saw 4 of its levels.

You collected 80 gold pieces.

Inventory:

Hand Weapons
 j - a +0 mace (weapon)
Missiles
 g - 55 arrows (quivered)
Armour
 a - a +0 robe
 i - a +0 pair of boots (worn)
 u - a +0 leather armour (worn)
Jewellery
 n - a ring of see invisible (left hand)
Scrolls
 b - a scroll of identify {unknown}
 c - a scroll of recharging {unknown}
 h - a scroll of blinking {unknown}
 l - a scroll of teleportation {unknown}
 m - 4 scrolls of enchant armour {unknown}
 p - 2 scrolls of enchant weapon {unknown}
 t - a scroll of remove curse {unknown}
Potions
 e - a potion of degeneration {unknown}
 f - 2 potions of heal wounds
 k - a potion of ambrosia {unknown}
 r - a potion of berserk rage {unknown}
Books
 s - a book of Burglary

   Spells                             Type                      Level
   a - Swiftness                      Charms/Air                   2
   b - Passwall                       Transmutation/Earth          2
   c - Passage of Golubria            Translocation                4
   d - Lee's Rapid Deconstruction     Earth                        5
   e - Darkness                       Hexes                        6
   f - Invisibility                   Hexes                        6
Comestibles
 d - 2 bread rations
 q - a meat ration


   Skills:
 - Level 2.4 Fighting
 - Level 3.6 Dodging
 - Level 2.4 Stealth
 + Level 3.7 Unarmed Combat


You had 2 spell levels left.
You didn't know any spells.

Dungeon Overview and Level Annotations

Branches:
Dungeon (4/15)
 Temple: D:4-7

Altars:

Annotations:
D:2 exclusion: 2 adders


Message History

You closely miss the hound.
The hound is lightly wounded.
The hound barely misses you. The hound closely misses you.
You closely miss the hound.
The hound is lightly wounded.
The hound bites you. The hound barely misses you.
You closely miss the hound.
The hound is lightly wounded.
The hound barely misses you. The hound bites you but does no damage.
You hit the hound but do no damage. The hound bites you.
The hound barely misses you.
You hit the hound but do no damage. The hound bites you. x2
You closely miss the hound. The hound barely misses you.
The hound closely misses you.
Your leather armour prevents you from hitting the hound.
The hound bites you.
* * * LOW HITPOINT WARNING * * *
The hound barely misses you.
You completely miss the hound. The hound bites you.
You die...

#.# #.# #.# #
####.######
#.##.........#...
#........<......#
#..$............#
#.......##.....##
#......@# .#.#.#
#......#h....# #
#.....########
....#.## ###.#.#
# #. #.


You could see a hound.

Vanquished Creatures
  A giant gecko (D:3)
  2 orcs (D:3)
  4 giant cockroaches
  8 hobgoblins
  2 quokkas (D:3)
  A ball python (D:3)
  2 bats
  5 giant newts
  6 goblins
  6 kobolds
  4 rats
41 creatures vanquished.

Notes
Turn   | Place    | Note
-------+----------+-------------------------------------------
     0 | D:1      | Leszczynek the Deep Elf Monk began the quest for the Orb.
     0 | D:1      | Reached XP level 1. HP: 13/13 MP: 3/3
   444 | D:1      | HP: 1/13 [goblin/dagger (4)]
   447 | D:1      | wow, this is hilariously bad
   924 | D:1      | Reached XP level 2. HP: 18/18 MP: 4/4
  1108 | D:1      | Reached skill level 3 in Unarmed Combat
  1532 | D:3      | Reached XP level 3. HP: 6/22 MP: 5/5
  1564 | D:2      | HP: 2/22 [giant newt (2)]
  2518 | D:3      | HP: 1/22 [orc/mace (4)]
  2536 | D:3      | ah, wearing a chain mail :D
  2756 | D:4      | Slain by a hound

Vault maps used:
D:1:      zelgadis_glass_arrival_small
D:2:      minmay_door_path
D:3:      first_bread
D:4:      evilmike_ruin_ashenzari, grunt_dithmenos_smoke,
          kennysheep_slug_shrine, uniq_crazy_yiuf_cottage

Skill      XL: |  1  2 |
---------------+-------+-----
Unarmed Combat | 3 |  3.7
Fighting       | |  2.4
Dodging        | |  3.6
Stealth        | |  2.4

Action                   || total
-------------------------++-------
Melee: Unarmed           ||    41
       Punch             ||     1
       Mace              ||   149
  Use: Potion            ||     1
 Stab: Sleeping          ||     3
  Eat: Chunk             ||     7
       Bread ration      ||     1
Armor: Robe              ||    32
       Leather armour    ||     3
Dodge: Dodged            ||   156
